 Dungeon Crawl Stone Soup version 0.29.1-13-g9f3cf754e1 (webtiles) character file.

Game seed: 1499553234600410558

335 javelincjr the Magician (level 6, 0/42 HPs)
             Began as a Djinni Fire Elementalist on Jan 30, 2023.
             Was a Follower of Qazlal.
             Slain by Grinder (5 damage)
             ... on level 4 of the Dungeon.
             The game lasted 00:11:56 (4257 turns).

javelincjr the Magician (Djinni Fire Elementalist)  Turns: 4257, Time: 00:11:56

Health: 0/42       AC:  3    Str:  9    XL:     6   Next: 84%
Gold:   275        EV: 13    Int: 16    God:    Qazlal [*.....] SH:  1 Dex: 14

rFire   + + .      SeeInvis .   n - +6 dagger (pain)
rCold   x . .      Faith    +   (no shield)
rNeg    . . .      Spirit   .   a - +0 robe
rPois   ∞          Reflect  .   (no helmet)
rElec   .          Harm     .   (no cloak)
rCorr   .          Rampage  .   o - +0 pair of gloves
Will    +....                   (boots unavailable)
Stlth   ++........              p - amulet of faith
HPRegen 0.14/turn               h - ring of willpower
MPRegen 0.00/turn               (no ring)

@: attractive, flying, hasted, very quick
A: sickness immunity, fire resistance 2, cold vulnerability 1, float, innate
caster, HP casting, extra vitality 1
a: Renounce Religion


You were on level 4 of the Dungeon.
You worshipped Qazlal.
Qazlal was aware of your devotion.
You visited 1 branch of the dungeon, and saw 4 of its levels.

You collected 275 gold pieces.

Inventory:

Hand Weapons
 d - a +0 spear
 e - a +0 whip of venom
 j - a +2 dagger of draining
 n - a +6 dagger of pain (weapon)
Armour
 a - a +0 robe (worn)
 o - a +0 pair of gloves (worn)
Jewellery
 c - an amulet of the acrobat
 h - a ring of willpower (left hand)
 p - an amulet of faith (around neck)
Scrolls
 f - 3 scrolls of identify
 i - a scroll of fear {unknown}
 l - a scroll of teleportation
Potions
 b - 3 potions of curing
 g - a potion of attraction
 k - 2 potions of haste
 m - 2 potions of lignification {unknown}
 q - a potion of cancellation {unknown}
 r - a potion of heal wounds {unknown}


   Skills:
 + Level 1.3 Fighting
 + Level 2.5 Short Blades
 + Level 1.3 Maces & Flails
 + Level 0.1 Polearms
 + Level 3.1 Dodging
 + Level 3.0 Stealth
 + Level 3.4 Spellcasting


You couldn't memorise any spells.
You knew the following spells:

 Your Spells              Type           Power      Damage    Failure   Level
a - Foxfire               Conj/Fire      52%        2x1d6     4%          1
b - Scorch                Fire           26%        2d6       7%          2
c - Conjure Flame         Conj/Fire      13%        6-21      13%         3
d - Inner Flame           Hex/Fire       13%        N/A       13%         3
e - Flame Wave            Conj/Fire      13%        2d6       41%         4
f - Shock                 Conj/Air       52%        1d6       4%          1
g - Searing Ray           Conj           26%        2d5       7%          2
Your spell library was empty.

Dungeon Overview and Level Annotations

Branches:
Dungeon (4/15)
 Temple: D:4-7

Altars:
Qazlal

Portals:
Abyss: D:4

Annotations:
D:4 2 transporters, Grinder; cdecastro's ghost, amateur GnAM


Innate Abilities, Weirdness & Mutations

You are immune to sickness and miasma.
You are immune to poison.
Your flesh is very heat resistant. (rF++)
You are vulnerable to cold. (rC-)
You float through the air rather than walking.
You learn spells naturally, not from books.
Your magical power is your life essence.
You have superior vitality. (+4 MHP)


Message History

Grinder blinks!
Your magical contamination has completely faded away.
Grinder is attracted toward you.
Grinder blinks!
There is an open door here.
Grinder is attracted toward you.
Aiming: Shock (safe; 4% risk of failure)
Press: ? - help, Q - select action, (/) - cycle Shift-Dir - straight line, f - Grinder
Aim: Grinder (64% to hit)
The zap hits the adder.
The adder is heavily wounded.
The zap hits Grinder.
Grinder is lightly wounded.
* * * LOW HITPOINT WARNING * * *
Grinder blinks!
You hit the adder.
The adder is almost dead.
The adder closely misses you. Grinder is attracted toward you.
You hit the adder.
You kill the adder!
Qazlal accepts your kill. Grinder is attracted toward you.
You hit Grinder. You punch Grinder.
Grinder is lightly wounded.
Grinder misses you.
You hit Grinder.
Grinder is moderately wounded.
You closely miss Grinder.
Grinder is moderately wounded.
Grinder blinks!
Grinder is attracted toward you. Grinder is attracted toward you.
You see here an adder corpse.
Grinder is attracted toward you.
There is an open door here.
You barely miss Grinder.
Grinder is moderately wounded.
Grinder hits you.
* * * LOW HITPOINT WARNING * * *
You writhe in agony.
You die...

*,* *,* *~* *,* *,* *∩* #.#
*,##### *~* #.# *,#...#
#############~* #.# *,#...#
#...........#~* #.# *,#...#
#...........#~* #.#***,#...#
#...........#~*
#.#,,,,#...#####...........#~*
#.#,,,,+...§§.5@......†....#~**
##.######§..#####.†.........#,,*
.........≈≈##***#..........§.>,*
#########≈##⌠*⌠*#############.,**
# #≈#~~~~~* *,,,,,,,,
#########§#~,,,~**** *,***,,**
.........≈#~,,,~⌠*,* *,* *,,*
..........+,,_,~**,* *,* #..*
.........≈#~,,,~⌠*,* **,*##..**


You could see Grinder.

Vanquished Creatures
  An ogre (D:4)
  A hound (D:4)
  A jelly (D:4)
  An iguana (D:4)
  An orc wizard (D:3)
  4 adders
  An ufetubus (D:4)
  3 worms (D:2)
  3 dart slugs
  9 orcs
  10 ball pythons
  3 endoplasms
  4 giant cockroaches
  3 goblins
  8 hobgoblins
  4 jackals (D:4)
  A quokka (D:4)
  5 bats
  2 frilled lizards
  6 kobolds
  7 rats
78 creatures vanquished.

Vanquished Creatures (others)
  48 foxfires
48 creatures vanquished.

Grand Total: 126 creatures vanquished

Notes
Turn   | Place    | Note
-------+----------+-------------------------------------------
     0 | D:1      | javelincjr the Djinni Fire Elementalist began the quest for
                  | the Orb.
     0 | D:1      | javelincjr set off with the following spells memorised:
                  | Foxfire, Scorch, Conjure Flame, Inner Flame, Flame Wave.
     0 | D:1      | Reached XP level 1. HP: 15/15 MP: 0/0
   389 | D:1      | Reached XP level 2. HP: 20/21 MP: 0/0
  1141 | D:2      | Found a faded altar of an unknown god.
  1151 | D:2      | Reached XP level 3. HP: 23/25 MP: 0/0
  1151 | D:2      | Learned a level 1 spell: Shock
  1924 | D:2      | Reached XP level 4. HP: 28/31 MP: 0/0
  2846 | D:3      | Reached XP level 5. HP: 5/36 MP: 0/0
  2846 | D:3      | Learned a level 2 spell: Searing Ray
  3269 | D:3      | Found a stormy altar of Qazlal.
  3425 | D:3      | Became a worshipper of Qazlal Stormbringer
  3679 | D:4      | Noticed an ogre
  3685 | D:4      | Reached skill level 1 in Short Blades
  3685 | D:4      | Reached skill level 1 in Maces & Flails
  3686 | D:4      | Killed an ogre
  3687 | D:4      | Reached XP level 6. HP: 33/41 MP: 0/0
  3966 | D:4      | Found a transporter.
  3971 | D:4      | Found a transporter.
  4001 | D:4      | Reached skill level 1 in Fighting
  4008 | D:4      | Found a one-way gate to the infinite horrors of the Abyss.
  4008 | D:4      | Noticed cdecastro's ghost (amateur GnAM)
  4163 | D:4      | Reached * piety under Qazlal
  4235 | D:4      | Noticed Grinder
  4257 | D:4      | Slain by Grinder

Illustrated notes

Levels and vault maps discovered:
D:1:      lightli_arrival_isolated_outpost, layout_basic
D:2:      minmay_door_path, layout_rooms, nicolae_ecumenical_lake_church,
          nicolae_concentric_dashed_squares_mild, minmay_misc_feat_rows,
          grunt_ministairs_15, minmay_statues_item
D:3:      layout_basic, marbit_many_paths
D:4:      layout_basic, lightli_temple_of_fire, portal_sewer_entry_d,
          gammafunk_ghost_abyssal_escape, uniq_grinder

Skill      XL: |  1  2  3  4  5  6 |
---------------+-------------------+-----
Spellcasting   | 3 |  3.4
Stealth        | 2 3 |  3.0
Short Blades   | 2 |  2.5
Maces & Flails | 1 |  1.3
Dodging        | 3 |  3.1
Fighting       | 1 |  1.3
Polearms       | |  0.1

Action                   |  1- 3 |  4- 6 || total
-------------------------+-------+-------++-------
Melee: Spear             |    13 |       ||    13
       Unarmed           |     3 |       ||     3
       Whip              |    32 |     9 ||    41
       Dagger            |       |   105 ||   105
       Punch             |       |     1 ||     1
 Cast: Foxfire           |    25 |     2 ||    27
       Shock             |    11 |     2 ||    13
       Scorch            |     1 |     9 ||    10
       Conjure Flame     |       |     1 ||     1
       Searing Ray       |       |     1 ||     1
  Use: Scroll            |       |     9 ||     9
       Potion            |       |     2 ||     2
 Stab: Sleeping          |     1 |     8 ||     9
       Distracted        |     1 |       ||     1
Armor: Robe              |     8 |    14 ||    22
Dodge: Dodged            |    27 |    65 ||    92
Block: Other             |       |     1 ||     1
